 Dungeon Crawl Stone Soup version 0.32-a0-872-g59262bdc9b (webtiles) character file.

Game seed: 17623120735255796306

11 601d51SH the Trooper (level 2, 0/26 HPs)
             Began as a Draconian Fighter on Mar 30, 2024.
             Frozen to death by an endoplasm (3 damage)
             ... on level 1 of the Dungeon.
             The game lasted 00:00:54 (175 turns).

601d51SH the Trooper (Draconian Fighter)             Turns: 175, Time: 00:00:54

Health: 0/26       AC:  4    Str: 18    XL:     2   Next: 17%
Magic:  2/2        EV: 11    Int:  8    God:
Gold:   0          SH:  4    Dex: 10    Spells: 1/1 levels left

rFire   . . .        a - +0 long sword
rCold   . . .        b - +0 buckler
rNeg    . . .        (body armour unavailable)
rPois   .            (helmet restricted)
rElec   .            (no cloak)
rCorr   .            (no gloves)
SInv    .            (no boots)
Will    .....        (no amulet)
Stlth   +            (no ring)
HPRegen 0.24/turn    (no ring)
MPRegen 0.08/turn

%: no passive effects
@: no status effects
A: AC +4, unfitting armour, cold-blooded
a: no special abilities


You were on level 1 of the Dungeon.
You visited 1 branch of the dungeon, and saw 1 of its levels.

Inventory:

Hand Weapons
 a - a +0 long sword (weapon)
Missiles
 d - 3 boomerangs (quivered)
Armour
 b - a +0 buckler (worn)
Potions
 c - a potion of might
 e - a potion of brilliance {unknown}


   Skills:
 + Level 3.5 Fighting
 + Level 2.1 Long Blades
 + Level 0.2 Throwing
 + Level 2.8 Dodging
 + Level 3.1 Shields


You had one spell level left.
You didn't know any spells.
Your spell library was empty.

Dungeon Overview and Level Annotations

Branches:
Dungeon (1/15)

Altars:


Innate Abilities, Weirdness & Mutations

Your plain brown scales are hard. (AC +4)
You cannot fit into any form of body armour.
You are cold-blooded and may be slowed by cold attacks.


Message History

You closely miss the kobold. The goblin barely misses you.
The kobold barely misses you. The endoplasm closely misses you.
The endoplasm freezes you.
You are frozen.
You feel yourself slow down. You block the kobold's attack.
You block the goblin's attack.
You hit the kobold.
You kill the kobold!
You feel yourself speed up. The endoplasm freezes you.
You are frozen.
* * * LOW HITPOINT WARNING * * *
The goblin barely misses you. The endoplasm hits you.
* * * LOW HITPOINT WARNING * * *
The goblin hits you with a +0 club.
* * * LOW HITPOINT WARNING * * *
A gnoll comes into view. It is wielding a +0 club.
Throw: 3 boomerangs
Press: ? - help, Q - select action Shift-Dir - straight line, f - endoplasm
Aim: an endoplasm (83% to hit)
Okay, then.
The endoplasm closely misses you. The goblin hits you but does no damage.
The goblin attacks as it pursues you! You block the goblin's attack.
The endoplasm attacks as it pursues you!
You block the endoplasm's attack. The goblin attacks as it pursues you!
You block the goblin's attack.
The endoplasm attacks as it pursues you!
You block the endoplasm's attack. The goblin attacks as it pursues you!
The goblin hits you but does no damage. The goblin attacks as it pursues you!
The goblin hits you with a +0 club.
* * * LOW HITPOINT WARNING * * *
The goblin attacks as it pursues you! The goblin hits you with a +0 club.
* * * LOW HITPOINT WARNING * * *
You slash the goblin!
You kill the goblin!
You barely miss the endoplasm.
You tail-slap the endoplasm, but do no damage.
The endoplasm freezes you.
You are frozen.
You die...

.# #.#.######.# .#
#.#.######.#
.###.#........#
...#.#........#
...#.#........######
...#.#.............#
....†..............#
#........##........#
#........##.g..J@..#
#.##.#####.....#####
#..†...........#
#......†.......#
#.......†......#
#..............#
..........######
#.........#
#.#########


You could see a gnoll and an endoplasm.

Vanquished Creatures
  A goblin (D:1)
  4 jackals (D:1)
  A quokka (D:1)
  A bat (D:1)
  A frilled lizard (D:1)
  2 kobolds (D:1)
  A rat (D:1)
11 creatures vanquished.

Notes
Turn   | Place    | Note
-------+----------+-------------------------------------------
     0 | D:1      | 601d51SH the Draconian Fighter began the quest for the Orb.
     0 | D:1      | Reached XP level 1. HP: 19/19 MP: 1/1
   123 | D:1      | Reached XP level 2. HP: 26/26 MP: 2/2
   175 | D:1      | Frozen to death by an endoplasm

Illustrated notes

Levels and vault maps discovered:
D:1:      matt_arrival_spirals, layout_basic, ebering_ecumenical_altar_box,
          minmay_box_of_dots

Action                     || total
---------------------------++-------
  Melee: Long sword        ||    35
         Tailslap          ||     2
  Throw: Boomerang         ||     8
 Armour: Skin              ||    38
  Dodge: Dodged            ||    43
  Block: Buckler           ||    11

Table legend: (Time is in decaauts)
 A = Elapsed time spent in this place.
 B = Non-inter-level travel time spent in this place.
 C = Inter-level travel time spent in this place.
 D = Time resting spent in this place.
 E = Time spent auto-exploring this place.
 F = Levels seen in this place.
 G = Mean time per level.
                   A        B        C        D        E       F      G
               +--------+--------+--------+--------+--------+-----+--------+
         Total |    189 |    189 |      0 |      0 |     64 |   1 |  189.0 |
       Dungeon |    189 |    189 |      0 |      0 |     64 |   1 |  189.0 |
               +--------+--------+--------+--------+--------+-----+--------+

Top non-repeatable levels by time:
     D:1: 189 daAuts
